 Dungeon Crawl Stone Soup version 0.27.1-34-g3ba077fa99 (webtiles) character file.

Game seed: 3188289294602758143

1272 fishdoom the Spear-Bearer (level 8, -3/133 HPs)
             Began as an Ogre Berserker on Jan 21, 2022.
             Was a Priest of Trog.
             Slain by a wyvern skeleton (12 damage)
             ... on level 6 of the Dungeon.
             The game lasted 00:16:52 (6883 turns).

fishdoom the Spear-Bearer (Ogre Berserker)          Turns: 6883, Time: 00:16:53

Health: -3/133     AC:  3    Str: 30    XL:     8   Next: 53%
Magic:  8/8        EV: 10    Int:  8    God:    Trog [***...]
Gold:   258        SH:  0    Dex:  8    Spells: 7/7 levels left

rFire    . . .     SeeInvis .   q - +2 spear (venom)
rCold    . . .     Faith    .   (no shield)
rNeg     . . .     Spirit   .   b - +0 animal skin
rPois    .         Reflect  .   (helmet restricted)
rElec    .         Harm     .   (no cloak)
rCorr    .         Rampage  .   (gloves unavailable)
Will     .....                  (boots unavailable)
Stlth    ..........             (no amulet)
HPRegen  0.32/turn              h - +6 ring of strength
MPRegen  0.11/turn              (no ring)

@: berserking, very quick
A: large, unfitting armour, tough skin 1
a: Renounce Religion, Berserk, Trog's Hand


You were on level 6 of the Dungeon.
You worshipped Trog.
Trog was most pleased with you.
You visited 1 branch of the dungeon, and saw 6 of its levels.

You collected 258 gold pieces.

Inventory:

Hand Weapons
 a - a +0 spear
 p - a +2 hand axe of freezing
 q - a +2 spear of venom (weapon)
Armour
 b - a +0 animal skin (worn)
Jewellery
 h - a +6 ring of strength (left hand)
Wands
 i - a wand of flame (16)
Scrolls
 c - 2 scrolls of magic mapping
 f - 2 scrolls of immolation {unknown}
 g - 2 scrolls of noise {unknown}
 k - 2 scrolls of amnesia {unknown}
 m - a scroll of fog {unknown}
 o - a scroll of fear {unknown}
 s - a scroll of brand weapon {unknown}
 t - 3 scrolls of identify
 v - a scroll of teleportation {unknown}
Potions
 d - 3 potions of curing
 e - a potion of resistance
 j - a potion of flight {unknown}
 l - 2 potions of heal wounds {unknown}
 r - a potion of degeneration {unknown}
 u - a potion of brilliance {unknown}
Miscellaneous
 n - a piece from Xom's chessboard (15/15)


   Skills:
 * Level 8.6 Fighting
 * Level 8.7 Polearms
 - Level 3.0 Dodging


You had 7 spell levels left.
You didn't know any spells.
Your spell library contained the following spells:

 Spells                   Type           Power      Damage    Failure   Level
 Sting                    Tmut/Pois      0%         1d3       41%         1
 Poisonous Vapours        Pois/Air       0%         N/A       54%         2
 Stone Arrow              Conj/Erth      0%         3d7       78%         3
 Animate Dead             Necr           0%         N/A       99%         4
 Olgreb's Toxic Radiance  Pois           0%         N/A       99%         4
 Bolt of Magma            Conj/Fire/Erth 0%         4d4       100%        5
 Borgnjor's Vile Clutch   Necr/Erth      0%         N/A       100%        5
 Death Channel            Necr           0%         N/A       100%        6
 Shatter                  Erth           0%         3d5*      100%        9


Dungeon Overview and Level Annotations

Branches:
Dungeon (6/15)
 Temple: D:4-7

Altars:
Makhleb
Qazlal
Xom

Annotations:
D:6 Pikel


Innate Abilities, Weirdness & Mutations

You are too large for most types of armour.
You have tough skin. (AC +1)


Message History

You hit Pikel.
Pikel is poisoned.
Pikel is lightly wounded.
The wyvern skeleton barely misses you. The lemure hits you.
Pikel hits you with a +2 whip of flaming!
Pikel burns you.
You closely miss Pikel.
Pikel is lightly wounded.
The wyvern skeleton bites you! The lemure closely misses you.
Pikel hits you with a +2 whip of flaming.
Pikel burns you.
You hit Pikel.
Pikel looks as sick as possible!
Pikel is moderately wounded.
The lemure closely misses you. The wyvern skeleton closely misses you.
You hit Pikel but do no damage.
Pikel looks as sick as possible!
Pikel is moderately wounded.
The lemure hits you. Pikel barely misses you.
The wyvern skeleton barely misses you. The lemure hits you.
You barely miss Pikel.
Pikel is moderately wounded.
The lemure hits you!
* * * LOW HITPOINT WARNING * * *
Pikel hits you with a +2 whip of flaming.
* * * LOW HITPOINT WARNING * * *
Pikel burns you.
* * * LOW HITPOINT WARNING * * *
The wyvern skeleton barely misses you. The lemure hits you but does no damage.
You feel better. The wyvern skeleton closely misses you.
The lemure barely misses you.
Pikel hits you with a +2 whip of flaming!
* * * LOW HITPOINT WARNING * * *
Pikel burns you.
* * * LOW HITPOINT WARNING * * *
The lemure hits you.
* * * LOW HITPOINT WARNING * * *
The lemure hits you.
* * * LOW HITPOINT WARNING * * *
A red film seems to cover your vision as you go berserk!
You feel yourself moving faster!
You feel mighty! The wyvern skeleton bites you!
You die...

... ..# #####..
..... #...###
#.....
#######5K5#####.
#......5@5......
........Z.......
#...........)...
..#####.........
#...###### #...#
#...# #
#######)..# ..
#....)....#


You could see Pikel (extremely poisoned), 4 lemures and a wyvern skeleton.

Vanquished Creatures
  Sigmund (D:2)
  2 water moccasins
  A necrophage (D:5)
  2 ogres
  A centaur (D:5)
  A phantom (D:5)
  A scorpion (D:4)
  A bullfrog zombie (D:5)
  A centaur zombie (D:5)
  2 hounds
  An orc priest (D:6)
  2 orc wizards
  4 gnolls (D:4)
  6 adders
  A shadow imp (D:6)
  3 ufetubi
  3 worms
  2 adder skeletons (D:4)
  3 dart slugs
  16 orcs
  3 ball pythons
  6 endoplasms
  2 giant cockroaches
  10 hobgoblins
  4 jackals (D:2)
  5 quokkas
  2 bats
  3 frilled lizards
  8 goblins
  8 kobolds
  3 rats
108 creatures vanquished.

Vanquished Creatures (others)
  3 toadstools (D:3)
3 creatures vanquished.

Grand Total: 111 creatures vanquished

Notes
Turn   | Place    | Note
-------+----------+-------------------------------------------
     0 | D:1      | fishdoom the Ogre Berserker began the quest for the Orb.
     0 | D:1      | Reached XP level 1. HP: 24/24 MP: 1/1
   394 | D:1      | Reached XP level 2. HP: 29/32 MP: 2/2
  1363 | D:2      | Found a faded altar of an unknown god.
  1480 | D:2      | Reached XP level 3. HP: 39/40 MP: 3/3
  1534 | D:2      | Reached ** piety under Trog
  1701 | D:2      | Noticed Sigmund
  2001 | D:2      | Killed Sigmund
  2002 | D:2      | Reached skill level 5 in Fighting
  2002 | D:2      | Reached skill level 5 in Polearms
  2002 | D:2      | Reached XP level 4. HP: 8/52 MP: 4/4
  2002 | D:2      | Reached XP level 5. HP: 9/59 MP: 5/5
  2383 | D:2      | Reached XP level 6. HP: 61/67 MP: 6/6
  2977 | D:3      | Found a shimmering altar of Xom.
  4356 | D:4      | Reached XP level 7. HP: 76/76 MP: 7/7
  4437 | D:4      | Reached *** piety under Trog
  4890 | D:5      | Entered Level 5 of the Dungeon
  5575 | D:5      | Found a burning altar of Makhleb.
  5583 | D:5      | Reached XP level 8. HP: 68/88 MP: 8/8
  6826 | D:6      | Found a stormy altar of Qazlal.
  6873 | D:6      | Noticed Pikel
  6883 | D:6      | Slain by a wyvern skeleton

Illustrated notes

Levels and vault maps discovered:
D:1:      heliophobic_arrival_ceremonial_halls, layout_basic,
          grunt_decor_fettered
D:2:      layout_basic, chequers_ecumenical_altar_simple, minmay_tiny_reverse_x,
          uniq_sigmund
D:3:      layout_basic, xom_butterflies, grunt_ministairs_9,
          chequers_hall_statues_wall_a, minmay_gold_behind_fungi, minmay_puff
D:4:      layout_basic
D:5:      layout_layer_cave, mainiacjoe_overflow_24_doors
D:6:      layout_loops_cross, nicolae_qazlal_general_emergency, uniq_pikel

Skill      XL: |  1  2  3  4  5  6  7  8 |
---------------+-------------------------+-----
Dodging        | 3 |  3.0
Fighting       | 5 6 7 8 |  8.6
Polearms       | 5 6 7 8 |  8.7

Action                   |  1- 3 |  4- 6 |  7- 9 || total
-------------------------+-------+-------+-------++-------
Melee: Spear             |   125 |   192 |   143 ||   460
Invok: Berserk           |     2 |       |     1 ||     3
  Use: Scroll            |       |     3 |       ||     3
       Potion            |       |       |     1 ||     1
Armor: Animal skin       |    44 |    33 |    17 ||    94
Dodge: Dodged            |    61 |    72 |    59 ||   192
